 Dungeon Crawl Stone Soup version 0.32-a0-433-g08bcfe7efd (webtiles) character file.

Game seed: 1715228177586338290

652 ezpacito the Trooper (level 7, -3/52 (54) HPs)
             Began as a Demonspawn Chaos Knight on Feb 22, 2024.
             Was a Plaything of Xom.
             Slain by Pikel
             ... wielding a +4 whip of chaos
              (5 damage)
             ... on level 5 of the Dungeon.
             The game lasted 00:06:10 (4181 turns).

ezpacito the Trooper (Demonspawn Chaos Knight)      Turns: 4181, Time: 00:06:11

HP:   -3/52 (54)    AC:  8    Str: 24    XL:     7   Next: 28%
MP:   18/18         EV: 12    Int: 17    God:    Xom [...*..]
Gold: 68            SH:  5    Dex: 15    Spells: 8/8 levels left

rFire   . . .        i - +7 flail of Embarrassment {drain, *Corrode Fly MP+9 Str+7}
rCold   + . .        (no shield)
rNeg    . . .        b - +2 leather armour
rPois   .            m - +0 helmet
rElec   .            (no cloak)
rCorr   .            (no gloves)
SInv    .            o - +1 pair of boots
Will    .....        h - amulet of reflection
Stlth   ++++         r - ring of Kyumnaytit {rC+ Str+4}
HPRegen 0.28/turn    (no ring)
MPRegen 0.16/turn

%: corrode self (3%), reflection
@: weakened, flying, lightly drained
A: thin skeletal structure 2, powered by pain 1, clever 1, screaming 1
a: Renounce Religion


You were on level 5 of the Dungeon.
You worshipped Xom.
You were a favourite toy of Xom.
You visited 2 branches of the dungeon, and saw 6 of its levels.

You collected 222 gold pieces.
You spent 154 gold pieces at shops.

Inventory:

Hand Weapons
 a - a +0 hand axe of chaos
 i - the +7 flail of Embarrassment (weapon) {drain, *Corrode Fly MP+9 Str+7}
   (You found it on level 2 of the Dungeon)

   Str+7:     It affects your strength (+7).
   MP+9:      It affects your magic capacity (+9).
   Fly:       It grants you flight.
   *Corrode:  It may corrode you when you take damage.
Missiles
 j - 5 poisoned darts (quivered)
Armour
 b - a +2 leather armour (worn)
 e - a +0 chain mail
 m - a +0 helmet (worn)
 o - a +1 pair of boots (worn)
Jewellery
 h - an amulet of reflection (around neck)
 r - the ring of Kyumnaytit (left hand) {rC+ Str+4}
   (You found it on level 4 of the Dungeon)

   [ring of protection from cold]

   Str+4:     It affects your strength (+4).
   rC+:       It protects you from cold.
Talismans
 g - a blade talisman
 p - a beast talisman
Wands
 q - a wand of polymorph (9)
Scrolls
 f - 3 scrolls of teleportation
 l - a scroll of brand weapon
 s - 2 scrolls of identify
 u - a scroll of revelation {unknown}
 w - a scroll of silence {unknown}
Potions
 t - a potion of enlightenment


   Skills:
 * Level 4.3 Fighting
 * Level 3.7 Axes
 * Level 3.3 Armour
 * Level 2.9 Dodging
 + Level 1.7 Stealth
 * Level 2.3 Unarmed Combat
 + Level 1.3 Spellcasting
 * Level 1.3 Evocations
 + Level 1.2 Shapeshifting


You had 8 spell levels left.
You didn't know any spells.
Your spell library was empty.

Dungeon Overview and Level Annotations

Branches:
Dungeon (5/15)             Temple (1/1) D:4

Altars:
Ashenzari
Cheibriados
Dithmenos
Fedhas
Hepliaklqana
Kikubaaqudgha
Makhleb
Nemelex Xobeh
Okawaru
Qazlal
Ru
Sif Muna
Trog
Uskayaw
Vehumet
Wu Jian
Xom
Yredelemnul

Shops:
D:4 ?

Annotations:
D:5 Pikel


Innate Abilities, Weirdness & Mutations

You have a moderately thin skeletal structure. (Dex +4, Stealth++)
You sometimes gain a little power by taking damage.
Your mind is acute. (Int +4, Str/Dex -1)
You occasionally shout uncontrollably at your foes.


Message History

The lemure barely misses you. The lemure attacks as it pursues you!
The lemure hits you.
Okay, then.
Okay, then.
A lemure comes into view.
You yell at the lemure!
The lemure shouts!
Pikel hits you with a +4 whip of chaos.
You barely miss Pikel. Pikel closely misses you. The lemure closely misses you.
Pikel hits you with a +4 whip of chaos.
You convulse.
Unknown command.
You closely miss Pikel.
Your scorpion zombie barely misses the lemure.
The lemure closely misses you.
Pikel says, "You'll make a fine lemure."
Pikel closely misses you.
Your scorpion zombie hits the lemure.
Unknown command.
You closely miss Pikel. The lemure closely misses you.
Pikel hits you with a +4 whip of chaos! Pikel burns you.
Your scorpion zombie misses the lemure.
The lemure barely misses you.
Unknown command.
You hit Pikel.
Pikel is lightly wounded.
Pikel hits you with a +4 whip of chaos.
* * * LOW HITPOINT WARNING * * *
Pikel burns you.
* * * LOW HITPOINT WARNING * * *
The lemure barely misses you.
Your scorpion zombie hits the lemure but does no damage.
You block the lemure's attack. Pikel hits you with a +4 whip of chaos!
* * * LOW HITPOINT WARNING * * *
You feel your attacks grow feeble.
You hit Pikel. You drain Pikel.
Pikel is lightly wounded.
You block the lemure's attack.
Your scorpion zombie hits the lemure but does no damage.
The lemure hits you but does no damage. Pikel hits you with a +4 whip of chaos.
You die...
Pikel says, "See you in Hell!"
Xom snickers!

#########.# #..5......#
#.#######.# #.# #.#
#######.#######.#
#...............#############
#......................§§Z§.#
#..........5.......########.#
#..........K@5.....#........#
#..........55.Z.##.#.####.###
###...#.#.......##.#.#....#.#
#...#.#....................
#...#.###...#.##.#.#.##.#.#
#...#.#...###.##.#..<.....#
#...#...### #.##.##########
#...#..## #.##...........
#######
#..######.#############


You could see Pikel (drained), 4 lemures and a friendly scorpion zombie.

Vanquished Creatures
  An ogre (D:5)
  Blork the orc (D:4)
  3 scorpions
  A howler monkey (D:4)
  A bombardier beetle (D:5)
  A hound (D:4)
  Terence (D:3)
  An iguana (D:5)
  Robin (D:4)
  3 gnolls (D:4)
  3 adders
  2 dart slugs
  2 ribbon worms (D:2)
  2 orcs
  7 endoplasms
  An endoplasm (shapeshifter) (D:4)
  2 giant cockroaches
  14 goblins
  10 hobgoblins
  11 kobolds
  5 quokkas
  5 ball pythons
  2 bats
  2 frilled lizards
  6 rats
88 creatures vanquished.

Vanquished Creatures (collateral kills)
  A bombardier beetle (D:5)
  A ball python (D:1)
2 creatures vanquished.

Grand Total: 90 creatures vanquished

Notes
Turn   | Place    | Note
-------+----------+-------------------------------------------
     0 | D:1      | ezpacito the Demonspawn Chaos Knight began the quest for
                  | the Orb.
     0 | D:1      | Reached XP level 1. HP: 18/18 MP: 1/1
     4 | D:1      | XOM: silly message
    36 | D:1      | Reached skill level 1 in Dodging
   188 | D:1      | Gained mutation: You sometimes gain a little power by
                  | taking damage. [demonic ancestry]
   188 | D:1      | Reached XP level 2. HP: 22/24 MP: 2/2
   371 | D:1      | XOM: silly message
   687 | D:2      | Identified the +7 flail of Embarrassment {drain, *Corrode
                  | Fly MP+9 Str+7}
   698 | D:2      | Found a faded altar of an unknown god.
   742 | D:2      | Reached XP level 3. HP: 29/29 MP: 3/3
   871 | D:2      | XOM: silly message
  1314 | D:2      | Gained mutation: You have a somewhat thin skeletal
                  | structure. (Dex +2, Stealth+) [demonic ancestry]
  1314 | D:2      | Reached XP level 4. HP: 35/35 MP: 4/4
  1522 | D:3      | Reached skill level 1 in Unarmed Combat
  1593 | D:3      | XOM: 9-stop teleportation journey
  1898 | D:3      | Noticed Terence
  1905 | D:3      | XOM: confuse monster(s)
  1911 | D:3      | Killed Terence
  2062 | D:4      | XOM: confuse monster(s)
  2066 | D:4      | Reached skill level 1 in Stealth
  2070 | D:4      | Gained mutation: You have a moderately thin skeletal
                  | structure. (Dex +4, Stealth++) [demonic ancestry]
  2070 | D:4      | Reached XP level 5. HP: 41/41 MP: 4/6
  2096 | D:4      | Found a staircase to the Ecumenical Temple.
  2107 | Temple   | Entered the Ecumenical Temple
  2237 | D:4      | Reached skill level 1 in Spellcasting
  2312 | D:4      | Noticed Blork the orc
  2333 | D:4      | HP: 2/63 [Blork the orc/+0 glaive (10)]
  2334 | D:4      | Killed Blork the orc
  2335 | D:4      | Reached skill level 1 in Shapeshifting
  2335 | D:4      | Reached XP level 6. HP: 3/48 MP: 7/7
  2532 | D:4      | Identified the ring of Kyumnaytit {rC+ Str+4}
  2603 | D:4      | a goblin changed into a shapeshifter
  2603 | D:4      | Noticed a shapeshifter (shapeshifter)
  2603 | D:4      | XOM: polymorph goblin -> shapeshifter
  2608 | D:4      | a shapeshifter changed into a bat
  2633 | D:4      | Found Gumug's Magic Scroll Emporium.
  2641 | D:4      | Bought a scroll of identify for 28 gold pieces
  2641 | D:4      | Bought a scroll of identify for 28 gold pieces
  2641 | D:4      | Bought a scroll of identify for 28 gold pieces
  2641 | D:4      | Bought a scroll of identify for 28 gold pieces
  2641 | D:4      | Bought a scroll of teleportation for 42 gold pieces
  2807 | D:4      | XOM: give mutations
  2807 | D:4      | Gained mutation: You occasionally shout uncontrollably at
                  | your foes. [Xom's mischief]
  2807 | D:4      | Gained mutation: Your mind is acute. (Int +4, Str/Dex -1)
                  | [Xom's mischief]
  2850 | D:4      | Noticed Robin
  2850 | D:4      | XOM: silly message
  2862 | D:4      | Killed Robin
  2863 | D:4      | Reached skill level 4 in Fighting
  2870 | D:4      | Found a blossoming altar of Fedhas.
  2879 | D:4      | Found a sparkling altar of Nemelex Xobeh.
  3415 | D:5      | Entered Level 5 of the Dungeon
  3608 | D:5      | Reached skill level 1 in Evocations
  3608 | D:5      | Reached XP level 7. HP: 54/54 MP: 8/8
  3661 | D:5      | XOM: 3-stop teleportation journey
  3668 | D:5      | XOM: noise
  3806 | D:5      | XOM: 2-stop teleportation journey
  3935 | D:5      | Noticed Pikel
  3944 | D:5      | XOM: divination: detect items
  3981 | D:5      | XOM: enchant monster (good)
  3989 | D:5      | XOM: chaos upgrade
  4180 | D:5      | HP: 1/52 [Pikel/+4 whip of chaos (10)]
  4181 | D:5      | Slain by Pikel

Illustrated notes

Levels and vault maps discovered:
D:1:      dpeg_arrival_fog, layout_rooms, minmay_liquid_box
D:2:      layout_basic, dreamdust_ecumenical_altar_angels_and_demons,
          minmay_tetromino_t2
D:3:      layout_loops_ring, grunt_ministairs_4, uniq_terence
D:4:      layout_layer_cave, minitemple, minmay_temple_entry_grid,
          nicolae_stop_n_shop_2, minmay_door_square,
          kennysheep_decorative_pillar, uniq_blork_the_orc, uniq_robin
D:5:      layout_basic, uniq_pikel, uniq_prince_ribbit1
Temple:   nicolae_temple_bog_church

Skill      XL: |  1  2  3  4  5  6 |
---------------+-------------------+-----
Dodging        | 1 2 |  2.9
Armour         | 2 3 |  3.3
Unarmed Combat | 1 2 |  2.3
Axes           | 3 |  3.7
Stealth        | 1 |  1.7
Spellcasting   | 1 |  1.3
Shapeshifting  | 1 |  1.2
Fighting       | 4 |  4.3
Evocations     | 1 |  1.3

Action                     |  1- 3 |  4- 6 |  7- 9 || total
---------------------------+-------+-------+-------++-------
  Melee: Hand axe          |   104 |   148 |    15 ||   267
         Flail             |       |       |     8 ||     8
    Use: Scroll            |       |     6 |     6 ||    12
         Potion            |       |     1 |     2 ||     3
   Stab: Sleeping          |     2 |    11 |       ||    13
         Distracted        |     1 |     1 |       ||     2
         Petrifying        |     1 |       |       ||     1
         Confused          |       |     1 |       ||     1
 Armour: Leather armour    |    46 |    60 |    30 ||   136
         Skin              |       |     2 |       ||     2
  Dodge: Dodged            |    52 |    61 |    16 ||   129
  Block: Other             |    13 |    29 |     4 ||    46

Table legend: (Time is in decaauts)
 A = Elapsed time spent in this place.
 B = Non-inter-level travel time spent in this place.
 C = Inter-level travel time spent in this place.
 D = Time resting spent in this place.
 E = Time spent auto-exploring this place.
 F = Levels seen in this place.
 G = Mean time per level.
                   A        B        C        D        E       F      G
               +--------+--------+--------+--------+--------+-----+--------+
         Total |   4221 |   4060 |    161 |    470 |   2814 |   6 |  703.5 |
       Dungeon |   4216 |   4055 |    161 |    470 |   2814 |   5 |  843.2 |
        Temple |      5 |      5 |      0 |      0 |      0 |   1 |    5.0 |
               +--------+--------+--------+--------+--------+-----+--------+

Top non-repeatable levels by time:
     D:4: 1510 daAuts
     D:2: 733 daAuts
     D:1: 689 daAuts
     D:3: 654 daAuts
     D:5: 628 daAuts
  Temple: 5 daAuts
